 Dungeon Crawl Stone Soup version 0.29.1-12-g30fa7ad0bf (webtiles) character file.

Game seed: 4289257845106766671

157 booth the Shield-Bearer (level 5, -10/37 HPs)
             Began as a Gnoll Wanderer on Jan 14, 2023.
             Was a Believer of Fedhas.
             Mangled by a gnoll
             ... wielding a +1 halberd of freezing
             ... led by a gnoll bouda
              (11 damage)
             ... on level 3 of the Dungeon.
             The game lasted 00:23:20 (2331 turns).

booth the Shield-Bearer (Gnoll Wanderer)            Turns: 2331, Time: 00:23:20

Health: -10/37     AC:  7    Str: 14    XL:     5   Next: 38%
Magic:  9/12       EV: 11    Int: 12    God:    Fedhas [**....]
Gold:   100        SH:  5    Dex: 10    Spells: 10/14 levels left

rFire   . . .      SeeInvis .   b - +0 mace
rCold   . . .      Faith    .   e - +0 buckler {AC+3}
rNeg    . . .      Spirit   .   d - +0 leather armour
rPois   .          Reflect  .   (no helmet)
rElec   .          Harm     .   (no cloak)
rCorr   .          Rampage  .   j - +0 pair of gloves
Will    .....                   (no boots)
Stlth   ++........              (no amulet)
HPRegen 0.12/turn               (no ring)
MPRegen 0.13/turn               (no ring)

@: weakened
A: fangs 1, strong nose, distributed training
a: Renounce Religion, Wall of Briars


You were on level 3 of the Dungeon.
You worshipped Fedhas.
Fedhas was pleased with you.
You visited 1 branch of the dungeon, and saw 4 of its levels.

You collected 100 gold pieces.

Inventory:

Hand Weapons
 a - a +0 club of freezing
 b - a +0 mace (weapon)
 h - a +0 flail
 i - a +0 morningstar
Armour
 d - a +0 leather armour (worn)
 e - a +0 buckler of protection (worn)
 f - a +0 ring mail
 j - a +0 pair of gloves (worn)
 m - a +0 helmet
Magical Staves
 l - a staff of air
Scrolls
 r - a scroll of magic mapping
Potions
 c - a potion of haste
 k - a potion of berserk rage
 n - a potion of flight
 q - 2 potions of curing


   Skills:
 + Level 1.5 Fighting
 + Level 1.5 Short Blades
 + Level 1.5 Long Blades
 + Level 1.5 Axes
 + Level 1.5 Maces & Flails
 + Level 1.5 Polearms
 + Level 1.5 Staves
 + Level 1.5 Ranged Weapons
 + Level 1.5 Throwing
 + Level 1.5 Armour
 + Level 3.0 Dodging
 + Level 2.8 Stealth
 + Level 6.7 Shields
 + Level 1.5 Unarmed Combat
 + Level 5.2 Spellcasting
 + Level 1.2 Conjurations
 + Level 1.2 Hexes
 + Level 2.4 Summonings
 + Level 1.2 Necromancy
 + Level 1.2 Translocations
 + Level 1.2 Transmutations
 + Level 1.2 Fire Magic
 + Level 1.2 Ice Magic
 + Level 1.2 Air Magic
 + Level 1.2 Earth Magic
 + Level 1.2 Poison Magic
 + Level 1.7 Invocations
 + Level 4.8 Evocations


You had 10 spell levels left.
You knew the following spells:

 Your Spells              Type           Power      Damage    Failure   Level
a - Summon Small Mammal   Summ           36%        N/A       11%         1
b - Summon Guardian Gole  Hex/Summ       7%         N/A       41%         3

Your spell library contained the following spells:

 Spells                   Type           Power      Damage    Failure   Level


Dungeon Overview and Level Annotations

Branches:
Dungeon (4/15)
 Temple: D:4-7

Altars:
Fedhas


Innate Abilities, Weirdness & Mutations

You have very sharp teeth.
Your uncanny sense of smell can sniff out nearby items.
Your experience applies equally to all skills.


Message History

The gnoll is poisoned.
The hobgoblin shouts!
The gnoll bouda hits your briar patch but does no damage.
The gnoll bouda hits your briar patch but does no damage.
The gnoll bouda is struck by your briar patch's thorns.
The gnoll bouda hits your briar patch but does no damage.
The gnoll is no longer moving quickly.
The gnoll bouda barks out a call to the hunt!
The gnoll picks up the pace!
You hear a shout!
The gnoll bouda hits your briar patch with a +0 club.
The gnoll bouda calls upon its god to heal the gnoll.
The gnoll's wounds heal themselves!
The gnoll bouda is struck by your briar patch's thorns.
The gnoll bouda dies!
Fedhas appreciates your contribution to the ecosystem.
Your Dodging skill increases to level 3!
Casting: Summon Small Mammal (safe; 11% risk of failure)
Confirm with . or Enter, or press ? or * to list all spells.
The jackal completely misses your bat.
The gnoll hits you from afar with a +1 halberd of freezing!
The gnoll freezes you. The jackal closely misses your bat.
You walk carefully through the plants.
The gnoll shouts!
The gnoll looks more healthy.
Your bat hits the jackal. x2
The gnoll hits you from afar with a +1 halberd of freezing.
The gnoll freezes you. The jackal closely misses you.
The jackal attacks as you move away! The jackal barely misses you.
Your bat barely misses the jackal.
The gnoll hits you from afar with a +1 halberd of freezing!
* * * LOW HITPOINT WARNING * * *
The gnoll freezes you.
* * * LOW HITPOINT WARNING * * *
The jackal bites your briar patch but does no damage.
There is a stone staircase leading down, spattered with blood here.
Your bat closely misses the jackal.
The jackal bites your briar patch but does no damage.
The gnoll hits you from afar with a +1 halberd of freezing!
You die...
Fedhas appreciates your contribution to the ecosystem.

############ ###
.....)..)..####### #..
...#######..(ggP@# #.#
#######P# #.# .......h###
##.# ##.##.gb..### ##...
#..........## #....
∆#.#...##...#.#######...<
..#.. #..#...gg....g#.#
....#....#........###..#
#....#..#....####.###.##


You could see 2 gnolls, a jackal (ally target), a hobgoblin and a friendly bat
(summoned).

Vanquished Creatures
  An orc priest (D:3)
  An adder (D:2)
  2 gnolls (D:3)
  2 orcs (D:3)
  3 bats
  An endoplasm (D:2)
  3 giant cockroaches
  5 goblins
  4 hobgoblins
  7 jackals
  3 kobolds
  A quokka (D:2)
  5 ball pythons
  A frilled lizard (D:3)
  2 rats
41 creatures vanquished.

Vanquished Creatures (collateral kills)
  A gnoll bouda (D:3)
  2 worms
  2 orcs (D:3)
  A giant cockroach (D:2)
  A goblin (D:1)
  2 hobgoblins
  A quokka (D:1)
  2 ball pythons (D:1)
  2 bats
  2 rats
16 creatures vanquished.

Grand Total: 57 creatures vanquished

Notes
Turn   | Place    | Note
-------+----------+-------------------------------------------
     0 | D:1      | booth the Gnoll Wanderer began the quest for the Orb.
     0 | D:1      | booth set off with the following items: a +0 club, a wand
                  | of flame (3), a potion of haste, a +0 leather armour, a +0
                  | buckler of protection; and the following spell memorised:
                  | Summon Small Mammal; and the following spells available to
                  | memorise: Summon Guardian Golem.
     0 | D:1      | Reached XP level 1. HP: 13/13 MP: 6/6
   267 | D:1      | Reached XP level 2. HP: 19/19 MP: 4/7
   432 | D:1      | Found a faded altar of an unknown god.
   454 | D:1      | Prayed at the altar of an unknown god.
   454 | D:1      | Became a worshipper of Fedhas Madash
   454 | D:1      | Reached * piety under Fedhas
   640 | D:1      | Reached skill level 5 in Spellcasting
   640 | D:1      | Reached XP level 3. HP: 23/25 MP: 4/9
   915 | D:2      | Reached skill level 1 in Invocations
   969 | D:2      | Learned a level 3 spell: Summon Guardian Golem
  1141 | D:2      | Reached skill level 1 in Fighting
  1141 | D:2      | Reached skill level 1 in Short Blades
  1141 | D:2      | Reached skill level 1 in Long Blades
  1141 | D:2      | Reached skill level 1 in Axes
  1141 | D:2      | Reached skill level 1 in Maces & Flails
  1141 | D:2      | Reached skill level 1 in Polearms
  1141 | D:2      | Reached skill level 1 in Staves
  1141 | D:2      | Reached skill level 1 in Ranged Weapons
  1141 | D:2      | Reached skill level 1 in Throwing
  1141 | D:2      | Reached skill level 1 in Armour
  1141 | D:2      | Reached skill level 1 in Unarmed Combat
  1236 | D:2      | Reached XP level 4. HP: 30/32 MP: 11/11
  1610 | D:3      | Reached ** piety under Fedhas
  1873 | D:4      | Reached skill level 1 in Conjurations
  1873 | D:4      | Reached skill level 1 in Hexes
  1873 | D:4      | Reached skill level 1 in Necromancy
  1873 | D:4      | Reached skill level 1 in Translocations
  1873 | D:4      | Reached skill level 1 in Transmutations
  1873 | D:4      | Reached skill level 1 in Fire Magic
  1873 | D:4      | Reached skill level 1 in Ice Magic
  1873 | D:4      | Reached skill level 1 in Air Magic
  1873 | D:4      | Reached skill level 1 in Earth Magic
  1873 | D:4      | Reached skill level 1 in Poison Magic
  2292 | D:3      | Reached XP level 5. HP: 32/37 MP: 10/12
  2330 | D:3      | HP: 1/37 [gnoll/+1 halberd of freezing[a gnoll bouda] (2)]
  2331 | D:3      | Mangled by a gnoll

Illustrated notes

Levels and vault maps discovered:
D:1:      doesnt_arrival_eight_statues, layout_rooms,
          hellmonk_ecumenical_altar_leap_of_faith
D:2:      layout_basic
D:3:      minmay_evil_eye, layout_loops_ring, serial_shops,
          nicolae_shop_waterfront, minivault_26, kennysheep_minor_cross,
          kennysheep_generic_room_10, uniq_terence
D:4:      minmay_general_purpose_star, layout_rooms,
          gammafunk_temple_overflow_statue, gup_sewer_entry_spiral

Skill      XL: |  1  2  3  4  5 |
---------------+----------------+-----
Summonings     | 2 |  2.4
Spellcasting   | 5 |  5.2
Invocations    | 1 |  1.7
Fighting       | 1 |  1.5
Short Blades   | 1 |  1.5
Long Blades    | 1 |  1.5
Axes           | 1 |  1.5
Maces & Flails | 1 |  1.5
Polearms       | 1 |  1.5
Staves         | 1 |  1.5
Ranged Weapons | 1 |  1.5
Throwing       | 1 |  1.5
Armour         | 1 |  1.5
Unarmed Combat | 1 |  1.5
Conjurations   | 1 |  1.2
Hexes          | 1 |  1.2
Necromancy     | 1 |  1.2
Translocations | 1 |  1.2
Transmutations | 1 |  1.2
Fire Magic     | 1 |  1.2
Ice Magic      | 1 |  1.2
Air Magic      | 1 |  1.2
Earth Magic    | 1 |  1.2
Poison Magic   | 1 |  1.2
Dodging        | 3 |  3.0
Stealth        | |  2.8
Shields        | |  6.7
Evocations     | |  4.8

Action                   |  1- 3 |  4- 6 || total
-------------------------+-------+-------++-------
Melee: Club              |   115 |    78 ||   193
       Bite              |     7 |    10 ||    17
Throw: Dart              |       |     2 ||     2
 Cast: Summon Small Mamm |    36 |    10 ||    46
Invok: Wall of Briars    |       |     2 ||     2
Evoke: Wand              |       |     3 ||     3
  Use: Potion            |     4 |     2 ||     6
       Scroll            |     3 |     4 ||     7
Armor: Leather armour    |    64 |    24 ||    88
Dodge: Dodged            |    88 |    65 ||   153
Block: Buckler           |    45 |    25 ||    70
